 Dungeon Crawl Stone Soup version 0.31.0-1-g2c135a008e (webtiles) character file.

Game seed: 2294056431261823956

1236 qw the Shooter (level 8, -10/59 HPs)
             Began as a Djinni Hunter on Jan 23, 2024.
             Was an Initiate of Okawaru.
             Mangled by Edmund
             ... wielding a +2 flail of draining
              (12 damage)
             ... on level 6 of the Dungeon.
             The game lasted 00:00:33 (5949 turns).

qw the Shooter (Djinni Hunter)                      Turns: 5949, Time: 00:00:33

Health: -10/59     AC:  7    Str: 13    XL:     8   Next: 78%
Gold:   262        EV: 14    Int: 11    God:    Okawaru [......] SH:  0 Dex: 17

rFire   + + .        a - +0 shortbow
rCold   x . .        (shield currently unavailable)
rNeg    + . .        d - +0 robe of Snakes and Ladders {rElec rCorr Str+3 SInv}
rPois   inf          n - +1 hat
rElec   +            b - scarf {repulsion}
rCorr   +            (no gloves)
SInv    +            (boots unavailable)
Will    .....        l - amulet of the acrobat
Stlth   ++           e - +4 ring of protection
HPRegen 0.29/turn    m - ring of positive energy
MPRegen 0.00/turn

%: repel missiles, acrobat, infuse magic (-11 HP)
@: flying
A: sickness immunity, fire resistance 2, cold vulnerability 1, float, innate
caster, HP casting, extra vitality 1, clumsy 1, subdued magic 2
a: Renounce Religion


You were on level 6 of the Dungeon.
You worshipped Okawaru.
Okawaru was noncommittal.
You visited 2 branches of the dungeon, and saw 7 of its levels.

You collected 262 gold pieces.


Innate Abilities, Weirdness & Mutations

You are immune to sickness and miasma.
You are immune to poison.
Your flesh is very heat resistant. (rF++)
You are vulnerable to cold. (rC-)
You float through the air rather than walking.
You learn spells naturally, not from books.
Your magical power is your life essence.
You have superior vitality. (+4 MHP)
You are clumsy. (Dex -2)
Your spells are easier to cast, but less powerful.


   Skills:
 - Level 5.0 Fighting
 + Level 7.1 Ranged Weapons
 - Level 1.0 Armour
 - Level 5.1 Dodging
 - Level 0.7 Stealth


You knew the following spells:

 Your Spells              Type           Power      Damage    Failure   Level
a - Necrotise             Necr           0%         1d4       26%         1
b - Scorch                Fire           0%         2d5       38%         2
c - Jinxbite              Hex            0%         N/A       38%         2
Your spell library was empty.

Inventory:

Hand Weapons
 a - a +0 shortbow (weapon)
Armour
 b - a scarf of repulsion (worn)
 d - the +0 robe of Snakes and Ladders (worn) {rElec rCorr Str+3 SInv}
   (You found it on level 4 of the Dungeon)

   Str+3:     It affects your strength (+3).
   rElec:     It insulates you from electricity.
   SInv:      It lets you see invisible.
   rCorr:     It protects you from acid and corrosion.
 h - a +0 cloak
 k - a +0 ring mail
 n - a +1 hat (worn)
Jewellery
 e - a +4 ring of protection (left hand)
 l - an amulet of the acrobat (around neck)
 m - a ring of positive energy (right hand)
 s - a ring of fire
Wands
 q - a wand of digging (5)
Potions
 c - 3 potions of haste
 g - 2 potions of curing
 i - 3 potions of might
 r - a potion of brilliance {unknown}

Dungeon Overview and Level Annotations

Branches:
Dungeon (6/15)             Temple (1/1) D:5

Altars:
Ashenzari
Cheibriados
Dithmenos
Makhleb
Okawaru
Qazlal
Ru
Uskayaw
Wu Jian
Xom
Yredelemnul
Zin
The Shining One

Annotations:
D:3 1 runed translucent door, Crazy Yiuf
D:6 Edmund


Message History

Edmund is moderately wounded.
Edmund closely misses you.
You shoot an arrow. The arrow hits Edmund!
Edmund is heavily wounded.
Edmund hits you with a +2 flail of draining!
You shoot an arrow. The arrow hits Edmund.
Edmund is heavily wounded.
Edmund hits you with a +2 flail of draining!
You shoot an arrow.
The arrow hits Edmund but does no damage.
Edmund is heavily wounded.
Edmund hits you with a +2 flail of draining.
You shoot an arrow. The arrow closely misses Edmund.
Edmund barely misses you.
You shoot an arrow. The arrow closely misses Edmund.
Edmund hits you with a +2 flail of draining.
You shoot an arrow. The arrow barely misses Edmund.
Edmund hits you with a +2 flail of draining!
You shoot an arrow. The arrow hits Edmund.
Edmund is heavily wounded.
Edmund closely misses you.
You shoot an arrow. The arrow hits Edmund.
Edmund is severely wounded.
Edmund hits you with a +2 flail of draining.
You shoot an arrow. The arrow hits Edmund.
Edmund is severely wounded.
Edmund barely misses you.
You shoot an arrow.
The arrow hits Edmund but does no damage.
Edmund is severely wounded.
Edmund closely misses you.
You shoot an arrow.
The arrow hits Edmund but does no damage.
Edmund is severely wounded.
Edmund closely misses you.
You shoot an arrow. The arrow hits Edmund.
Edmund is almost dead.
Edmund hits you with a +2 flail of draining!
You die...
Edmund says, "That'll show my brother!"

.# ##...####...........# .#
##.......#..........# .#
#..#####....######..# .#####..#
###.[# #..### .##..!.##
#..######....# .###.###
#..##........# .###...#####
#.....####...#
..##.#..)..####....#####...##...
<.##.7.7...77..@@.####........#
7.~7P~77777~~7.77......#.#|.###
777~%~P~7~~~~~7 77...%##.#.....
~~~~P~~~~~~~P~~ ~7~7.##.......##
~7~~~~~~~~~~~P~~~~~%7........##
~~~~~~~~~~~~~~~~~7~~~7..#.####
7~~~~~~~~~~~~~~~~~~%~77......#
~~~~~~~~~~~~~~~~~~~7~7..#.##.#
~P~~~~~~~~~~~~~~~~~~P~..#.#


You could see Edmund.

Vanquished Creatures
  Grinder (D:3)
  An ogre (D:4)
  A bullfrog (D:6)
  2 scorpions
  4 electric eels (D:6)
  3 bombardier beetles
  5 hounds
  A jelly (D:6)
  A sleepcap (D:5)
  3 orc wizards
  A mummy (D:5)
  2 gnolls
  8 adders
  A river rat (D:5)
  A white imp (D:5)
  A dart slug (D:1)
  2 ribbon worms (D:3)
  12 orcs
  14 ball pythons
  6 endoplasms
  6 giant cockroaches
  8 goblins
  5 hobgoblins
  8 jackals
  8 kobolds
  2 quokkas
  10 bats
  6 frilled lizards
  2 hobgoblin zombies (D:5)
  6 rats
131 creatures vanquished.

Notes
Turn   | Place    | Note
-------+----------+-------------------------------------------
     0 | D:1      | qw the Djinni Hunter began the quest for the Orb.
     0 | D:1      | Reached XP level 1. HP: 18/18 MP: 0/0
     0 | D:1      | 0 ||| qw: Version: 0.3-a-134-g2ba4250
     0 | D:1      | 0 ||| qw: Game counter: 727
     0 | D:1      | 0 ||| qw: Melee chars always use a shield: true
     0 | D:1      | 0 ||| qw: God list: Okawaru
     0 | D:1      | 0 ||| qw: Allow faded altars: false
     0 | D:1      | 0 ||| qw: Do Orc after clearing Dungeon:15 true
     0 | D:1      | 0 ||| qw: Do second Lair branch before Depths: true
     0 | D:1      | 0 ||| qw: Lair rune preference: random
     0 | D:1      | 0 ||| qw: Goals: Normal
     0 | D:1      | 0 ||| PLANNING D:1-11
    59 | D:1      | Reached XP level 2. HP: 23/23 MP: 0/0
   325 | D:1      | Reached skill level 4 in Ranged Weapons
   325 | D:1      | Reached XP level 3. HP: 28/28 MP: 0/0
   325 | D:1      | Learned a level 1 spell: Necrotise
   370 | D:1      | 370 ||| UPGRADING to +4 ring of protection.
   734 | D:1      | 734 ||| UPGRADING to +0 ring mail.
   744 | D:1      | 744 ||| DROPPING +0 leather armour.
   745 | D:1      | 745 ||| UPGRADING to ring of positive energy.
   746 | D:1      | 746 ||| READING 2 scrolls labelled TYROEX KIRU.
   746 | D:1      | 746 ||| IDENTIFYING silvery potion
   747 | D:1      | 747 ||| READING scroll of identify.
   747 | D:1      | 747 ||| IDENTIFYING sedimented inky potion
   748 | D:1      | 748 ||| READING scroll labelled BASA BO UM LER.
   748 | D:1      | 748 ||| ENCHANTING +0 shortbow.
   749 | D:1      | 749 ||| READING scroll labelled OCOYNA FIARIA.
   750 | D:1      | 750 ||| DRINKING 2 white potions.
   751 | D:1      | 751 ||| DROPPING scroll of butterflies.
   752 | D:1      | 752 ||| DROPPING potion of ambrosia.
   878 | D:2      | Reached skill level 1 in Armour
   889 | D:2      | Found a faded altar of an unknown god.
   912 | D:2      | Reached XP level 4. HP: 34/34 MP: 0/0
  1122 | D:2      | Reached skill level 3 in Fighting
  1567 | D:2      | 1567 ||| READING scroll labelled QEUQIN SOQE.
  1668 | D:2      | 1668 ||| DRINKING 3 bubbling inky potions.
  1844 | D:3      | Found a sacrificial altar of Ru.
  1844 | D:3      | Noticed Grinder
  1848 | D:3      | Reached XP level 5. HP: 40/40 MP: 0/0
  1848 | D:3      | Learned a level 2 spell: Scorch
  1864 | D:3      | Paralysed by Grinder for 3 turns
  1867 | D:3      | HP: 9/40 [Grinder (6)]
  1867 | D:3      | HP: 3/40 [Grinder (6)]
  1868 | D:3      | 1868 ||| DRINKING potion of heal wounds.
  1878 | D:3      | HP: 9/40 [Grinder (7)]
  1882 | D:3      | 1882 ||| FLEEEEING.
  1885 | D:3      | 1885 ||| FLEEEEING.
  1887 | D:3      | 1887 ||| FLEEEEING.
  1888 | D:3      | 1888 ||| FLEEEEING.
  1889 | D:3      | 1889 ||| FLEEEEING.
  2011 | D:3      | Paralysed by Grinder for 3 turns
  2023 | D:3      | Paralysed by Grinder for 5 turns
  2036 | D:3      | Paralysed by Grinder for 3 turns
  2046 | D:3      | Killed Grinder
  2047 | D:3      | Reached skill level 5 in Ranged Weapons
  2047 | D:3      | Reached XP level 6. HP: 14/46 MP: 0/0
  2217 | D:3      | 2217 ||| DRINKING 3 potions of curing.
  2217 | D:3      | 2217 ||| (to cure confusion)
  2241 | D:3      | Reached skill level 3 in Dodging
  2392 | D:3      | Reached XP level 7. HP: 50/50 MP: 0/0
  2392 | D:3      | Learned a level 2 spell: Jinxbite
  2794 | D:3      | Found a runed translucent door.
  2795 | D:3      | Noticed Crazy Yiuf
  2911 | D:3      | 2911 ||| UPGRADING to +1 hat.
  2916 | D:3      | 2916 ||| UPGRADING to amulet of the acrobat.
  2921 | D:3      | 2921 ||| READING 2 scrolls of identify.
  2921 | D:3      | 2921 ||| IDENTIFYING bubbling golden potion
  2922 | D:3      | 2922 ||| READING scroll of identify.
  2922 | D:3      | 2922 ||| IDENTIFYING 2 fizzy dark potions
  2923 | D:3      | 2923 ||| READING scroll labelled KOSIASTRIVIU.
  2924 | D:3      | 2924 ||| READING scroll labelled FIEGECH AZYLIQODD.
  2925 | D:3      | 2925 ||| DROPPING potion of berserk rage.
  3012 | D:4      | Found a hide-covered altar of Uskayaw.
  3028 | D:4      | Identified the +0 robe of Snakes and Ladders {rElec rCorr
                  | Str+3 SInv}
  3217 | D:4      | Reached skill level 6 in Ranged Weapons
  3301 | D:4      | 3301 ||| DROPPING +0 sling of freezing.
  3517 | D:4      | 3517 ||| DRINKING 3 potions of curing.
  3517 | D:4      | 3517 ||| (to cure confusion)
  3769 | D:4      | 3769 ||| UPGRADING to scarf of repulsion.
  3774 | D:4      | 3774 ||| UPGRADING to +0 robe of Snakes and Ladders {rElec
                  | rCorr Str+3 SInv}.
  3784 | D:4      | 3784 ||| READING 2 scrolls of identify.
  3784 | D:4      | 3784 ||| IDENTIFYING fuming yellow potion
  3785 | D:4      | 3785 ||| READING scroll of identify.
  3785 | D:4      | 3785 ||| IDENTIFYING scroll labelled VIC KODIUMITRU
  3786 | D:4      | 3786 ||| DROPPING potion of degeneration.
  3814 | D:5      | Entered Level 5 of the Dungeon
  3815 | D:5      | 3815 ||| PLANNING SEWER
  4058 | D:5      | Reached XP level 8. HP: 53/58 MP: 0/0
  4150 | D:5      | Found an ornate altar of the Wu Jian Council.
  4313 | D:5      | Found a staircase to the Ecumenical Temple.
  4373 | D:5      | Found a sand-covered staircase.
  4421 | D:5      | 4421 ||| RIP SEWER
  4429 | D:5      | 4429 ||| PLANNING OSSUARY
  4429 | D:5      | 4429 ||| READING scroll of identify.
  4429 | D:5      | 4429 ||| IDENTIFYING bubbling grey potion
  4430 | D:5      | 4430 ||| READING scroll labelled LAIPIM WEN EROT.
  4431 | D:5      | 4431 ||| DROPPING potion of invisibility.
  4475 | D:5      | 4475 ||| RIP OSSUARY
  4475 | D:5      | 4475 ||| PLANNING TEMPLE
  4527 | Temple   | Entered the Ecumenical Temple
  4528 | Temple   | 4528 ||| PLANNING OKAWARU WORSHIP
  4546 | Temple   | Became a worshipper of Warmaster Okawaru
  4547 | Temple   | 4547 ||| PLANNING D:1-11
  4771 | D:5      | Found a broken altar of Ashenzari.
  4894 | D:5      | 4894 ||| READING scroll labelled QODDOS QUHAPNE.
  5014 | D:6      | 5014 ||| STAIRDANCE
  5183 | D:6      | 5183 ||| RETREEEEATING.
  5190 | D:6      | Reached skill level 7 in Ranged Weapons
  5390 | D:6      | 5390 ||| FLEEEEING.
  5411 | D:6      | 5411 ||| FLEEEEING.
  5441 | D:6      | 5441 ||| FLEEEEING.
  5699 | D:6      | Noticed Edmund
  5720 | D:6      | HP: 11/59 [Edmund/+2 flail of draining (8)]
  5721 | D:6      | 5721 ||| READING 2 scrolls of teleportation.
  5722 | D:6      | 5722 ||| DRINKING potion of heal wounds.
  5730 | D:6      | HP: 14/59 [orc/+0 flail (1)]
  5731 | D:6      | 5731 ||| READING scroll of teleportation.
  5731 | D:6      | HP: 6/59 [orc/+0 flail (6)]
  5732 | D:6      | HP: 2/59 [orc/+0 flail (5)]
  5741 | D:6      | 5741 ||| FLEEEEING.
  5742 | D:6      | 5742 ||| FLEEEEING.
  5743 | D:6      | 5743 ||| FLEEEEING.
  5746 | D:6      | 5746 ||| FLEEEEING.
  5747 | D:6      | 5747 ||| FLEEEEING.
  5748 | D:6      | 5748 ||| FLEEEEING.
  5749 | D:6      | 5749 ||| FLEEEEING.
  5750 | D:6      | 5750 ||| FLEEEEING.
  5751 | D:6      | 5751 ||| FLEEEEING.
  5752 | D:6      | 5752 ||| FLEEEEING.
  5753 | D:6      | 5753 ||| FLEEEEING.
  5754 | D:6      | 5754 ||| STAIRDANCE
  5929 | D:5      | 5929 ||| DRINKING 2 grey potions.
  5929 | D:5      | Gained mutation: You occasionally lose the ability to read
                  | scrolls when taking damage. [potion of mutation]
  5930 | D:5      | 5930 ||| DRINKING potion of mutation.
  5930 | D:5      | Lost mutation: You occasionally lose the ability to read
                  | scrolls when taking damage. [potion of mutation]
  5930 | D:5      | Gained mutation: Your spells are a little easier to cast,
                  | but a little less powerful. [potion of mutation]
  5930 | D:5      | Gained mutation: Your spells are easier to cast, but less
                  | powerful. [potion of mutation]
  5930 | D:5      | Gained mutation: You are clumsy. (Dex -2) [potion of
                  | mutation]
  5940 | D:6      | HP: 13/59 [Edmund/+2 flail of draining (2)]
  5943 | D:6      | HP: 4/59 [Edmund/+2 flail of draining (8)]
  5945 | D:6      | HP: 1/59 [Edmund/+2 flail of draining (4)]
  5949 | D:6      | Mangled by Edmund

Levels and vault maps discovered:
D:1:      lightli_arrival_lavapool, layout_loops_ring, grunt_decor_junction,
          serial_bayou_lagoon_a
D:2:      minmay_diamond_boxcup, layout_loops_ring, ebering_ecumenical_altar_box
D:3:      layout_basic, mainiacjoe_overflow_cross_hatched, st_stairs_10,
          uniq_grinder, uniq_crazy_yiuf_cottage
D:4:      layout_basic, lemuel_round_altar, minmay_fountain_box
D:5:      layout_basic, mainiacjoe_overflow_alcove_2, lemuel_doored_altar,
          temple_hall_moat, nicolae_ossuary_entry_giza, portal_sewer_entry_e,
          grunt_decor_cap, eino_small_chamber_without_monster
D:6:      layout_rooms, serial_bayou_lake_a, uniq_edmund, uniq_blork_the_orc
Temple:   nicolae_temple_slightly_damp_pantheon

Skill      XL: |  1  2  3  4  5  6  7  8 |
---------------+-------------------------+-----
Ranged Weapons | 4 5 6 7 |  7.1
Armour         | 1 |  1.0
Fighting       | 3 4 5 |  5.0
Dodging        | 3 4 5 |  5.1
Stealth        | |  0.7

Action                     |  1- 3 |  4- 6 |  7- 9 || total
---------------------------+-------+-------+-------++-------
   Fire: Shortbow          |   108 |   168 |   385 ||   661
    Use: Scroll            |     4 |     1 |    11 ||    16
         Potion            |     1 |     3 |     4 ||     8
 Armour: Leather armour    |    17 |       |       ||    17
         Ring mail         |    16 |   108 |    47 ||   171
         Robe              |       |       |   122 ||   122
  Dodge: Dodged            |    38 |    44 |   158 ||   240
         Repelled          |       |       |     2 ||     2

Table legend:
 A = Non-vault XP
 B = Vault XP
 C = Vault XP percentage of total XP
 D = Non-vault monster count
 E = Vault monster count
 F = Vault count percentage of total count
                 A         B        C        D         E       F
            +---------+---------+-------+---------+---------+-------
      Total |    1359 |     407 |  23.0 |     111 |      20 |  15.3
            +---------+---------+-------+---------+---------+-------
        D:1 |      48 |       0 |   0.0 |      21 |       0 |   0.0
        D:2 |      45 |      35 |  43.8 |      19 |       6 |  24.0
        D:3 |     139 |     330 |  70.4 |      26 |       3 |  10.3
        D:4 |     260 |       0 |   0.0 |      20 |       0 |   0.0
        D:5 |     279 |      42 |  13.1 |      14 |      11 |  44.0
        D:6 |     588 |       0 |   0.0 |      11 |       0 |   0.0
            +---------+---------+-------+---------+---------+-------
